 Dungeon Crawl Stone Soup version 0.29-a0-284-gf9362112df (webtiles) character file.

Game seed: 4608977643459822945

63 Sweetruy1997 the Skirmisher (level 3, 0/29 HPs)
             Began as a Demonspawn Chaos Knight on Mar 26, 2022.
             Was a Plaything of Xom.
             Slain by an adder (3 damage)
             ... on level 5 of the Dungeon.
             The game lasted 00:04:54 (1872 turns).

Sweetruy1997 the Skirmisher (DsCK)                  Turns: 1872, Time: 00:04:54

Health: 0/29       AC:  6    Str: 12    XL:     3   Next: 89%
Magic:  3/3        EV: 11    Int: 13    God:    Xom [..*...]
Gold:   97         SH:  0    Dex: 14    Spells: 2/2 levels left

rFire   . . .      SeeInvis .   a - +0 hand axe (chaos)
rCold   . . .      Faith    .   (no shield)
rNeg    + . .      Spirit   .   b - +2 leather armour
rPois   .          Reflect  .   (helmet restricted)
rElec   .          Harm     .   (no cloak)
rCorr   .          Rampage  .   j - +0 pair of gloves
Will    .....                   (no boots)
Stlth   +.........              (no amulet)
HPRegen 0.09/turn               i - ring of positive energy
MPRegen 0.08/turn               (no ring)

@: brilliant, lethally poisoned (0 -> -4)
A: horns 1, sturdy frame 1
a: Renounce Religion


You were on level 5 of the Dungeon.
You worshipped Xom.
You were a toy of Xom.
You visited 1 branch of the dungeon, and saw 5 of its levels.

You collected 97 gold pieces.

Inventory:

Hand Weapons
 a - a +0 hand axe of chaos (weapon)
Missiles
 e - 9 boomerangs (quivered)
Armour
 b - a +2 leather armour (worn)
 j - a +0 pair of gloves (worn)
Jewellery
 i - a ring of positive energy (left hand)
Wands
 f - a wand of flame (5)
Potions
 g - a potion of attraction {unknown}
 h - 3 potions of curing {unknown}
 k - a potion of flight {unknown}
Miscellaneous
 c - a piece from Xom's chessboard (12/15)


   Skills:
 + Level 3.6 Fighting
 + Level 3.3 Axes
 - Level 1.0 Throwing
 + Level 2.1 Armour
 - Level 1.0 Dodging
 + Level 0.5 Stealth
 + Level 0.3 Evocations


You had 2 spell levels left.
You didn't know any spells.
Your spell library contained the following spells:

 Spells                   Type           Power      Damage    Failure   Level
 Gell's Gravitas          Tloc           0%         N/A       67%         3
 Lesser Beckoning         Tloc           0%         N/A       67%         3
 Teleport Other           Tloc           0%         N/A       67%         3


Dungeon Overview and Level Annotations

Branches:
Dungeon (6/15)
 Temple: D:4-7

Altars:
Makhleb


Innate Abilities, Weirdness & Mutations

You have a pair of small horns on your head.
Your movements are slightly less encumbered by armour. (ER -2)


Message History

The bullfrog gives a loud, deep croak!
The hound barks!
The orc priest calls down the wrath of Beogh upon you.
Beogh smites you!
An adder comes into view.
The orc priest calls down the wrath of Beogh upon you.
Beogh smites you!
The ufetubus shouts!
You hear a shout!
There is a stone staircase leading up here.
The bullfrog hits you.
* * * LOW HITPOINT WARNING * * *
You emit a cloud of colourful smoke!
The hound misses you. The adder bites you but does no damage.
The bullfrog barely misses you. The hound bites you.
* * * LOW HITPOINT WARNING * * *
You climb upwards.
There is a stone staircase leading down here.
As you read the scroll labelled LIMIOH XAIPOUF, it crumbles to dust.
You feel aware of your surroundings.
It was a scroll of magic mapping.
The adder bites you but does no damage.
The bullfrog hits you but does no damage.
The hound stops to sniff the ground.
The hound bites you but does no damage. The adder bites you.
* * * LOW HITPOINT WARNING * * *
The hound misses you. The adder barely misses you.
The bullfrog barely misses you. The hound closely misses you.
Found an escape hatch in the ceiling.
The adder bites you.
* * * LOW HITPOINT WARNING * * *
You are lethally poisoned!
The adder poisons you! The adder attacks as you move away!
The adder closely misses you.
* * * LOW HITPOINT WARNING * * *
You feel sick. Xom grants you a minor favour.
You feel clever all of a sudden. The bullfrog closely misses you.
The adder barely misses you. The hound barely misses you.
The bullfrog attacks as you move away! The bullfrog barely misses you.
The adder attacks as you move away! The adder bites you.
You die...
Xom thinks this is hilarious!

**≈≈,,**** *,,,,*****
≈≈≈≈≈,,,,* #........#
*≈*≈≈,,,,*****........#
≈≈**≈,,,,,,,,,,.......#
≈≈**≈≈,,,.######......*
≈≈≈*≈≈,,,.<.........#**
,,≈≈≈≈,,,...........#
**≈≈≈,,,,........S..#
,,≈≈*≈,,,.......@F.>#
**≈≈≈≈,,,........h..#
*,,≈,,,,...........#
**≈≈≈***+###########
*,,,,,,,,,,********
**,,,,,,,,,,*,,,,,,*
,,,,,,,,,,,,*,,,,,,*
,,,,,,,,,,,,*,,,,,,*****
,,,,,,,,,,,,+,,,,,,+,,,*


You could see a bullfrog, a hound and an adder.

Vanquished Creatures
  2 adders (D:2)
  A dart slug (D:2)
  An orc (D:2)
  5 ball pythons
  3 endoplasms (D:1)
  A giant cockroach (D:1)
  4 goblins
  5 hobgoblins
  3 jackals (D:2)
  3 kobolds
  3 bats
  3 frilled lizards
  5 rats
39 creatures vanquished.

Notes
Turn   | Place    | Note
-------+----------+-------------------------------------------
     0 | D:1      | Sweetruy1997 the Demonspawn Chaos Knight began the quest
                  | for the Orb.
     0 | D:1      | Reached XP level 1. HP: 18/18 MP: 1/1
    41 | D:1      | XOM: silly message
   414 | D:1      | Gained mutation: You have a pair of small horns on your
                  | head. [demonic ancestry]
   414 | D:1      | Reached XP level 2. HP: 24/24 MP: 2/2
   567 | D:1      | Reached skill level 1 in Dodging
   729 | D:1      | XOM: polymorph rat -> endoplasm
   845 | D:1      | XOM: 7-stop teleportation journey
   998 | D:2      | Gained mutation: Your movements are slightly less
                  | encumbered by armour. (ER -2) [demonic ancestry]
   998 | D:2      | Reached XP level 3. HP: 29/29 MP: 3/3
  1217 | D:2      | Found a faded altar of an unknown god.
  1219 | D:2      | Noticed a golden eye
  1219 | D:2      | Noticed a golden eye
  1220 | D:2      | Noticed an eye of devastation
  1220 | D:2      | Noticed a golden eye
  1509 | D:2      | Reached skill level 1 in Throwing
  1526 | D:2      | Found a burning altar of Makhleb.
  1860 | D:3      | You fall into a shaft and drop 3 floors!
  1862 | D:6      | Noticed a bullfrog
  1866 | D:6      | XOM: smoke on damage
  1867 | D:5      | Entered Level 5 of the Dungeon
  1871 | D:5      | XOM: potion effect (brilliance)
  1872 | D:5      | Slain by an adder

Illustrated notes

Levels and vault maps discovered:
D:1:      lemuel_arrival_room, layout_basic
D:2:      layout_basic, hellmonk_ecumenical_altar_watching_god, basic_altar
D:3:      layout_basic
D:5:      layout_basic, serial_bayou_lagoon_a, uniq_blork_the_orc, uniq_grinder,
          uniq_crazy_yiuf_cottage
D:6:      layout_rooms, minmay_temple_entry_large_hall,
          biasface_ghost_orc_armoury, uniq_pikel, uniq_sigmund

Skill      XL: |  1  2  3 |
---------------+----------+-----
Dodging        | 1 |  1.0
Axes           | 3 |  3.3
Armour         | 2 |  2.1
Throwing       | 1 |  1.0
Fighting       | |  3.6
Stealth        | |  0.5
Evocations     | |  0.3

Action                   || total
-------------------------++-------
Melee: Hand axe          ||    79
       Headbutt          ||    11
Throw: Boomerang         ||    61
Evoke: Piece from Xom's  ||     6
  Use: Scroll            ||     1
 Stab: Petrifying        ||     1
Armor: Leather armour    ||    20
Dodge: Dodged            ||    66

Table legend: (Time is in decaauts)
 A = Elapsed time spent in this place.
 B = Non-inter-level travel time spent in this place.
 C = Inter-level travel time spent in this place.
 D = Time resting spent in this place.
 E = Time spent auto-exploring this place.
 F = Levels seen in this place.
 G = Mean time per level.
                   A        B        C        D        E       F      G
               +--------+--------+--------+--------+--------+-----+--------+
         Total |   1900 |   1805 |     95 |    180 |   1330 |   5 |  380.0 |
       Dungeon |   1900 |   1805 |     95 |    180 |   1330 |   5 |  380.0 |
               +--------+--------+--------+--------+--------+-----+--------+

Top non-repeatable levels by time:
     D:2: 961 daAuts
     D:1: 925 daAuts
     D:6: 6 daAuts
     D:5: 4 daAuts
     D:3: 2 daAuts
